 Dungeon Crawl Stone Soup version 0.30-a0-381-g6ea064c7b4 (webtiles) character file.

Game seed: 7451135672252302455

360 lokiplouj the Chopper (level 6, 0/56 HPs)
             Began as a Minotaur Berserker on Dec 1, 2022.
             Was a Priest of Trog.
             Killed by divine providence
             ... invoked by an orc priest
              (11 damage)
             ... on level 4 of the Dungeon.
             The game lasted 00:05:05 (2622 turns).

lokiplouj the Chopper (Minotaur Berserker)          Turns: 2622, Time: 00:05:06

Health: 0/56       AC:  9    Str: 23    XL:     6   Next: 38%
Magic:  4/5        EV: 11    Int:  4    God:    Trog [***...]
Gold:   114        SH:  0    Dex: 10    Spells: 5/5 levels left

rFire   . . .      SeeInvis .    o - +0 hand axe (venom)
rCold   . . .      Faith    .    (no shield)
rNeg    . . .      Spirit   .    n - +0 scale mail
rPois   .          Reflect  .    (helmet restricted)
rElec   .          Harm     .    (no cloak)
rCorr   .          Rampage  .    m - +1 pair of gloves
Will    ++...                    (no boots)
Stlth   ..........               (no amulet)
HPRegen 1.29/turn                (no ring)
MPRegen 0.09/turn                (no ring)

@: strong-willed, on berserk cooldown, regenerating, slowed, very slow
A: horns 2, retaliatory headbutt
a: Renounce Religion, Berserk, Trog's Hand


You were on level 4 of the Dungeon.
You worshipped Trog.
Trog was most pleased with you.
You visited 1 branch of the dungeon, and saw 4 of its levels.

You collected 114 gold pieces.

Inventory:

Hand Weapons
 a - a +0 hand axe
 o - a +0 hand axe of venom (weapon)
Armour
 b - a +0 animal skin
 m - a +1 pair of gloves (worn)
 n - a +0 scale mail (worn)
Scrolls
 c - a scroll of enchant armour {unknown}
 e - a scroll of enchant weapon
 f - a scroll of teleportation {unknown}
 h - 2 scrolls of immolation
 i - 3 scrolls of blinking
 q - a scroll of butterflies {unknown}
Potions
 d - 2 potions of might
 g - 2 potions of curing {unknown}
 j - a potion of attraction {unknown}
 k - a potion of mutation {unknown}
 l - a potion of berserk rage {unknown}
 p - 2 potions of flight


   Skills:
 + Level 5.3 Fighting
 + Level 5.3 Axes
 + Level 4.6 Armour
 + Level 4.1 Dodging


You had 5 spell levels left.
You didn't know any spells.
Your spell library was empty.

Dungeon Overview and Level Annotations

Branches:
Dungeon (4/15)
 Temple: D:4-7

Altars:
Fedhas
Sif Muna
Trog


Innate Abilities, Weirdness & Mutations

You have a pair of horns on your head.
You reflexively headbutt those who attack you in melee.


Message History

The hound bites you but does no damage. The orc priest closely misses you.
You hit the hound.
The hound looks as sick as possible!
The hound is almost dead.
The hound barely misses you. You furiously retaliate!
You headbutt the hound.
You kill the hound!
Trog accepts your kill. The orc priest barely misses you.
The orc priest mumbles some strange prayers to Beogh against you.
Beogh smites you!
* * * LOW HITPOINT WARNING * * *
You slash the orc!
You kill the orc!
Trog accepts your kill.
You are no longer berserk.
You are exhausted.
You feel yourself slow down.
The orc priest hits you with a +1 antimagic trident.
* * * LOW HITPOINT WARNING * * *
You feel your power leaking away.
Things that are here:
a +0 club; a +0 club; a +0 leather armour You barely miss the orc priest.
The orc priest mumbles some strange prayers to Beogh against you.
Pain shoots through your body!
* * * LOW HITPOINT WARNING * * *
The orc priest closely misses you.
The orc priest hits you with a +1 antimagic trident.
* * * LOW HITPOINT WARNING * * *
Unknown command.
Unknown command.
Blink to where?
Press: ? - help, Dir - move target
As you read the scroll of blinking, it crumbles to dust.
Your skin crawls.
You feel strong-willed.
The orc priest calls down the wrath of Beogh upon you.
You resist with almost no effort.
The orc priest mumbles some strange prayers to Beogh against you.
Beogh smites you!
You die...

#.#.......≈≈§§§≈ #.####
#.........≈§≈§≈≈§#.....
####...##.≈≈≈§≈≈≈#.####
#>.....≈≈§≈≈###.#≈≈≈
######...≈§≈##...#§≈≈
#........≈≈##.##.#§§§
#####.....##.#####≈≈§
####.......#...##≈≈≈≈≈≈.
.....##@#####...≈≈≈≈≈§..
...#.....# #.........##
.........# ###########
..##..#o.# #..#.o.#
#..#...######
#..#)........
#..#.#w###### #..))).###


You could see a worm and 2 orc priests.

Vanquished Creatures
  A vampire bat (D:4)
  An orc priest (D:4)
  A hound (D:4)
  8 gnolls
  2 adders (D:2)
  A white imp (D:3)
  3 dart slugs
  3 fire bats (D:4)
  2 orcs (D:4)
  2 spectral bats (D:4)
  9 ball pythons
  3 bat skeletons (D:4)
  A bat zombie (D:4)
  3 endoplasms
  6 giant cockroaches
  5 goblins
  7 hobgoblins
  2 jackals (D:1)
  4 quokkas
  13 bats
  A bat simulacrum (D:4)
  2 frilled lizards
  6 kobolds
  4 rats
90 creatures vanquished.

Notes
Turn   | Place    | Note
-------+----------+-------------------------------------------
     0 | D:1      | lokiplouj the Minotaur Berserker began the quest for the
                  | Orb.
     0 | D:1      | Reached XP level 1. HP: 19/19 MP: 0/0
   151 | D:1      | Found Uqoli's Distillery.
   171 | D:1      | Reached XP level 2. HP: 14/27 MP: 1/1
   646 | D:2      | Reached XP level 3. HP: 33/33 MP: 2/2
   751 | D:2      | Reached ** piety under Trog
   766 | D:2      | Found a faded altar of an unknown god.
   895 | D:2      | Found a blossoming altar of Fedhas.
  1467 | D:3      | Found a shimmering blue altar of Sif Muna.
  1473 | D:3      | Reached XP level 4. HP: 32/41 MP: 3/3
  1513 | D:3      | Found a bloodstained altar of Trog.
  1596 | D:3      | Identified the +7 dagger "Muomail" {speed, Will- Int+9
                  | Dex+4}
  2386 | D:4      | Reached XP level 5. HP: 47/47 MP: 4/4
  2408 | D:4      | Reached *** piety under Trog
  2425 | D:4      | Reached skill level 5 in Axes
  2452 | D:4      | Reached skill level 5 in Fighting
  2598 | D:4      | Reached XP level 6. HP: 37/56 MP: 5/5
  2616 | D:4      | HP: 2/56 [orc priest/nerve-wracking pain (7)]
  2622 | D:4      | Killed from afar by an orc priest

Illustrated notes

Levels and vault maps discovered:
D:1:      minmay_arrival_hallway, layout_basic, serial_shops,
          nicolae_shop_temple_entry_statues_fountains, minivault_24,
          minmay_misc_feat_hallway, minmay_misc_feat_more_columns
D:2:      layout_loops_ring, nicolae_ecumenical_snake_handling, basic_altar
D:3:      layout_basic, nzn_overflow_gifts_of_might_and_magic
D:4:      layout_basic, grunt_decor_junction, minivault_4, goddamned_bats

Skill      XL: |  1  2  3  4  5  6 |
---------------+-------------------+-----
Fighting       | 4 5 |  5.3
Axes           | 4 5 |  5.3
Armour         | 3 4 |  4.6
Dodging        | 3 4 |  4.1

Action                   |  1- 3 |  4- 6 || total
-------------------------+-------+-------++-------
Melee: Hand axe          |    69 |    79 ||   148
       Headbutt          |    10 |    12 ||    22
       Punch             |       |     1 ||     1
Invok: Berserk           |       |     1 ||     1
       Trog's Hand       |       |     1 ||     1
  Use: Scroll            |       |     6 ||     6
 Stab: Sleeping          |     2 |       ||     2
Armor: Animal skin       |    10 |       ||    10
       Scale mail        |     2 |    59 ||    61
Dodge: Dodged            |    47 |    75 ||   122

Table legend: (Time is in decaauts)
 A = Elapsed time spent in this place.
 B = Non-inter-level travel time spent in this place.
 C = Inter-level travel time spent in this place.
 D = Time resting spent in this place.
 E = Time spent auto-exploring this place.
 F = Levels seen in this place.
 G = Mean time per level.
                   A        B        C        D        E       F      G
               +--------+--------+--------+--------+--------+-----+--------+
         Total |   2632 |   2441 |    191 |      0 |   2023 |   4 |  658.0 |
       Dungeon |   2632 |   2441 |    191 |      0 |   2023 |   4 |  658.0 |
               +--------+--------+--------+--------+--------+-----+--------+

Top non-repeatable levels by time:
     D:3: 844 daAuts
     D:2: 800 daAuts
     D:1: 626 daAuts
     D:4: 360 daAuts
